 Dungeon Crawl Stone Soup version 0.29.1-14-g9c671dbff4 (webtiles) character file.

Game seed: 9086927696457598674

3920 DemonSlayer the Thaumaturge (level 10, -3/72 HPs)
             Began as a Demonspawn Earth Elementalist on Feb 18, 2023.
             Was a Priest of Cheibriados.
             Killed from afar by an electric eel (4 damage)
             ... with a bolt of electricity
             ... on level 8 of the Dungeon.
             The game lasted 00:14:44 (10245 turns).

DemonSlayer the Thaumaturge (DsEE)                 Turns: 10245, Time: 00:14:45

Health: -3/72      AC: 13    Str: 20    XL:     10   Next: 1%
Magic:  17/22      EV: 29    Int: 23    God:    Cheibriados [***...]
Gold:   174        SH:  0    Dex: 21    Spells: 7/25 levels left

rFire   . . .      SeeInvis .   h - +4 spear (venom)
rCold   . . .      Faith    .   (no shield)
rNeg    . . .      Spirit   .   a - +0 robe
rPois   +          Reflect  .   p - +2 helmet
rElec   .          Harm     .   y - +1 cloak {rPois}
rCorr   .          Rampage  .   j - +1 pair of gloves
Will    .....                   i - +0 pair of boots
Stlth   +++.......              k - amulet of the acrobat
HPRegen 0.22/turn               c - ring of poison resistance
MPRegen 0.36/turn               (no ring)

@: acrobatic, very slow
A: claws 1, rugged brown scales 3, ignite blood 1, magic regeneration
a: Renounce Religion, Bend Time, Temporal Distortion


You were on level 8 of the Dungeon.
You worshipped Cheibriados.
Cheibriados was most pleased with you.
You visited 2 branches of the dungeon, and saw 9 of its levels.

You collected 399 gold pieces.
You spent 225 gold pieces at shops.

Inventory:

Hand Weapons
 h - a +4 spear of venom (weapon)
Armour
 a - a +0 robe (worn)
 i - a +0 pair of boots (worn)
 j - a +1 pair of gloves (worn)
 p - a +2 helmet (worn)
 y - a +1 cloak of poison resistance (worn)
Jewellery
 c - a ring of poison resistance (left hand)
 d - a ring of fire
 k - an amulet of the acrobat (around neck)
 B - an amulet of magic regeneration
Wands
 s - a wand of mindburst (23)
 z - a wand of charming (10)
 A - a wand of iceblast (8)
 C - a wand of acid (11)
Scrolls
 f - 2 scrolls of teleportation
 o - 4 scrolls of vulnerability
Potions
 b - a potion of magic
 e - 8 potions of curing
 g - 2 potions of mutation
 l - 4 potions of heal wounds
 m - a potion of invisibility
 n - 3 potions of might
 q - 2 potions of berserk rage
 r - 3 potions of attraction {unknown}
 u - 3 potions of degeneration {unknown}
 w - a potion of ambrosia {unknown}
 D - a potion of flight {unknown}


   Skills:
 + Level 2.6 Fighting
 + Level 3.2 Polearms
 + Level 4.1 Dodging
 + Level 3.6 Stealth
 + Level 0.1 Unarmed Combat
 + Level 8.2 Spellcasting
 + Level 5.0 Conjurations
 + Level 0.6 Translocations
 + Level 0.8 Transmutations
 + Level 7.1 Earth Magic


You had 7 spell levels left.
You knew the following spells:

 Your Spells              Type           Power      Damage    Failure   Level
a - Sandblast             Erth           84%        2d18      1%          1
b - Blink                 Tloc           24%        N/A       8%          2
c - Stone Arrow           Conj/Erth      74%        3d11      1%          3
d - Passwall              Tmut/Erth      22%        N/A       1%          2
e - Petrify               Tmut/Erth      27%        N/A       13%         4
f - Mephitic Cloud        Conj/Pois/Air  17%        N/A       10%         3
g - Teleport Other        Tloc           12%        N/A       16%         3

Your spell library contained the following spells:

 Spells                   Type           Power      Damage    Failure   Level
 Magic Dart               Conj           100%       1d8       1%          1
 Wereblood                Tmut           13%        N/A       7%          2
 Call Imp                 Summ           9%         N/A       11%         2
 Sublimation of Blood     Necr           9%         N/A       11%         2
 Gell's Gravitas          Tloc           12%        N/A       16%         3
 Lesser Beckoning         Tloc           12%        N/A       16%         3
 Frozen Ramparts          Ice            18%        1d3       21%         3
 Ice Form                 Ice/Tmut       11%        N/A       50%         4
 Summon Ice Beast         Ice/Summ       9%         N/A       56%         4
 Manifold Assault         Tloc           12%        N/A       80%         5
 Storm Form               Tmut/Air       5%         N/A       100%        7
 Summon Hydra             Summ           4%         N/A       100%        7


Dungeon Overview and Level Annotations

Branches:
Dungeon (8/15)             Temple (1/1) D:4            Lair (0/5) D:8

Altars:
Ashenzari
Cheibriados
Fedhas
Gozag
Hepliaklqana
Kikubaaqudgha
Makhleb
Qazlal
Ru
Trog
Uskayaw
Vehumet
Wu Jian
Yredelemnul

Shops:
D:6 [


Innate Abilities, Weirdness & Mutations

You have sharp fingernails.
You are completely covered in rugged brown scales. (AC +3, +7% HP)
Your demonic aura sometimes causes spilled blood to erupt in flames.
You regenerate magic rapidly.


Message History

The electric eel shoots out a bolt of lightning at you!
The bolt of electricity hits you!
The stone arrow misses the electric eel.
The electric eel shoots out a bolt of lightning at you!
The bolt of electricity misses you.
The electric eel shoots out a bolt of lightning at you!
The bolt of electricity hits you but does no damage.
The stone arrow misses the electric eel.
The electric eel shoots out a bolt of lightning at you!
The bolt of electricity hits you!
The electric eel shoots out a bolt of lightning at you!
The bolt of electricity hits you!
You are too injured to fight recklessly!
You are too injured to fight recklessly!
You are too injured to fight recklessly!
You are too injured to fight recklessly!
You are too injured to fight recklessly!
You are too injured to fight recklessly!
The electric eel shoots out a bolt of lightning at you!
The bolt of electricity misses you.
The electric eel shoots out a bolt of lightning at you!
The bolt of electricity hits you.
* * * LOW HITPOINT WARNING * * *
The electric eel shoots out a bolt of lightning at you!
The bolt of electricity hits you!
* * * LOW HITPOINT WARNING * * *
The electric eel shoots out a bolt of lightning at you!
The bolt of electricity misses you.
You see here a hound corpse.
Unknown command.
Unknown command.
Unknown command.
Unknown command.
Unknown command.
The electric eel shoots out a bolt of lightning at you!
The bolt of electricity hits you!
* * * LOW HITPOINT WARNING * * *
The electric eel shoots out a bolt of lightning at you!
The bolt of electricity hits you.
You die...

#.....≈≈≈~...~..
#..~~~SS~~~~...~
#............>..
#..~~~~~≈......~
#..~≈≈~~≈..~~≈~.
#...~≈≈~~≈~≈≈~≈~
#...~≈≈†~~≈≈~≈≈≈
#..~.≈..~≈≈≈≈≈≈≈
#..~÷@††..~~≈≈≈≈ ##
####..........≈≈≈≈≈
#.#######..##.÷############
#........# ##.#
#..##..).###..#
#.....#.#.÷## #...)###..##
#..)..#..## ##......#.


You could see 2 electric eels.

Vanquished Creatures
  A troll (D:8)
  Sigmund (D:6)
  An acid dragon (D:8)
  A water moccasin (D:7)
  3 black bears
  2 orc warriors (D:7)
  2 sky beasts
  An ice beast (D:6)
  2 ogres
  A centaur (D:6)
  3 wolves (D:8)
  Blork the orc (D:4)
  A kobold brigand (D:7)
  A phantom (D:6)
  3 bullfrogs
  2 necrophages
  6 scorpions
  3 wights (D:7)
  3 electric eels (D:8)
  A howler monkey (D:7)
  8 hounds
  A jelly (D:7)
  5 orc priests
  3 iguanas
  3 orc wizards
  11 gnolls
  13 adders
  2 shadow imps (D:6)
  3 white imps
  An ufetubus (D:7)
  A dart slug (D:5)
  16 orcs
  4 endoplasms
  4 giant cockroaches
  8 goblins
  6 hobgoblins
  5 quokkas
  7 ball pythons
  4 bats
  3 frilled lizards
  14 kobolds
  2 rats (D:1)
163 creatures vanquished.

Notes
Turn   | Place    | Note
-------+----------+-------------------------------------------
     0 | D:1      | DemonSlayer the Demonspawn Earth Elementalist began the
                  | quest for the Orb.
     0 | D:1      | Reached XP level 1. HP: 13/13 MP: 3/3
   395 | D:1      | Gained mutation: You are partially covered in rugged brown
                  | scales. (AC +1, +3% HP) [demonic ancestry]
   395 | D:1      | Reached XP level 2. HP: 13/19 MP: 1/5
  1628 | D:2      | Gained mutation: Your demonic aura sometimes causes spilled
                  | blood to erupt in flames. [demonic ancestry]
  1628 | D:2      | Reached XP level 3. HP: 23/24 MP: 0/6
  2088 | D:2      | Gained mutation: You have sharp fingernails. [demonic
                  | ancestry]
  2088 | D:2      | Reached XP level 4. HP: 21/30 MP: 1/8
  2278 | D:2      | Found an ornate altar of the Wu Jian Council.
  2499 | D:2      | Learned a level 2 spell: Blink
  2503 | D:2      | Learned a level 3 spell: Stone Arrow
  2506 | D:2      | Learned a level 2 spell: Passwall
  2622 | D:3      | Reached skill level 3 in Spellcasting
  2873 | D:3      | Reached XP level 5. HP: 37/37 MP: 6/9
  2976 | D:3      | Found a faded altar of an unknown god.
  3298 | D:3      | Reached skill level 1 in Fighting
  3308 | D:3      | Reached skill level 4 in Spellcasting
  3605 | D:3      | Learned a level 4 spell: Petrify
  3804 | D:4      | Noticed a sky beast
  3818 | D:4      | Killed a sky beast
  3819 | D:4      | Gained mutation: You are mostly covered in rugged brown
                  | scales. (AC +2, +5% HP) [demonic ancestry]
  3819 | D:4      | Reached XP level 6. HP: 11/45 MP: 3/12
  4077 | D:4      | Noticed Blork the orc
  4085 | D:4      | Killed Blork the orc
  4159 | D:4      | Reached skill level 5 in Spellcasting
  4288 | D:4      | Found a staircase to the Ecumenical Temple.
  4295 | D:4      | Gained mutation: You are completely covered in rugged brown
                  | scales. (AC +3, +7% HP) [demonic ancestry]
  4295 | D:4      | Reached XP level 7. HP: 45/51 MP: 9/14
  4308 | Temple   | Entered the Ecumenical Temple
  4454 | Temple   | Became a worshipper of Cheibriados the Contemplative
  4533 | D:5      | Entered Level 5 of the Dungeon
  5272 | D:5      | Reached skill level 5 in Earth Magic
  5794 | D:5      | Reached skill level 6 in Spellcasting
  5840 | D:5      | Reached XP level 8. HP: 45/58 MP: 3/17
  6330 | D:6      | Reached * piety under Cheibriados
  6331 | D:6      | Reached skill level 1 in Polearms
  6523 | D:6      | Reached skill level 1 in Conjurations
  6534 | D:6      | Noticed Sigmund
  6542 | D:6      | Killed Sigmund
  6833 | D:6      | Found a burning altar of Makhleb.
  7073 | D:6      | Found Vomipuics's Antique Armour Shop.
  7086 | D:6      | Bought an embroidered cloak for 225 gold pieces
  7369 | D:6      | Reached skill level 7 in Spellcasting
  7775 | D:7      | Reached XP level 9. HP: 65/65 MP: 9/19
  7915 | D:7      | Reached ** piety under Cheibriados
  8730 | D:7      | Found a broken altar of Ashenzari.
  9072 | D:7      | Found an ancient bone altar of Kikubaaqudgha.
  9073 | D:7      | Found a blossoming altar of Fedhas.
  9310 | D:7      | Learned a level 3 spell: Mephitic Cloud
  9314 | D:7      | Learned a level 3 spell: Teleport Other
  9923 | D:8      | Noticed a troll
  9934 | D:8      | Killed a troll
  9934 | D:8      | Reached *** piety under Cheibriados
  9935 | D:8      | Reached skill level 8 in Spellcasting
 10070 | D:8      | Found a staircase to the Lair.
 10074 | D:8      | Reached skill level 5 in Conjurations
 10162 | D:8      | Gained mutation: You regenerate magic rapidly. [demonic
                  | ancestry]
 10162 | D:8      | Reached XP level 10. HP: 53/72 MP: 16/22
 10245 | D:8      | HP: 1/72 [electric eel/bolt of electricity (8)]
 10245 | D:8      | Killed from afar by an electric eel

Illustrated notes

Levels and vault maps discovered:
D:1:      sevenhm_arrival_forest_fort_small_6, layout_basic
D:2:      layout_loops_ring, basic_altar
D:3:      layout_loops_ring, nicolae_ecumenical_oubliette, dk_noncrumbling_4
D:4:      layout_loops_ring, temple_fountains, uniq_blork_the_orc
D:5:      layout_loops_ring
D:6:      layout_cave_pools, nicolae_overflow_hidden_temple,
          makhleb_heckhound_becter, serial_shops,
          nicolae_shop_overgrown_old_shop, nrook_mini_backslash, uniq_sigmund
D:7:      layout_rooms, grunt_temple_overflow_growth_and_decay,
          ashenzari_conservatory_becter, serial_glass, glass_columns_a,
          glass_columns_b, due_unseen_surprise, feat_on_display,
          feat_on_display, item_on_display_a
D:8:      layout_layer_cave, erik_lair_island, gammafunk_ghost_ooze,
          grunt_decor_fettered, minmay_joined_circles
Temple:   hc_temple_tempest_star

Skill      XL: |  1  2  3  4  5  6  7  8  9 |
---------------+----------------------------+-----
Earth Magic    | 3 4 5 6 7 |  7.1
Stealth        | 2 3 |  3.6
Spellcasting   | 3 4 5 6 7 8 |  8.2
Fighting       | 1 2 |  2.6
Dodging        | 2 3 4 |  4.1
Polearms       | 2 3 |  3.2
Conjurations   | 3 5 |  5.0
Unarmed Combat | |  0.1
Translocations | |  0.6
Transmutations | |  0.8

Action                   |  1- 3 |  4- 6 |  7- 9 | 10-12 || total
-------------------------+-------+-------+-------+-------++-------
Melee: Unarmed           |     6 |       |       |       ||     6
       Spear             |    21 |    18 |    94 |       ||   133
       Punch             |     1 |       |     2 |       ||     3
 Cast: Sandblast         |    42 |    78 |    38 |       ||   158
       Stone Arrow       |       |       |    96 |     3 ||    99
       Blink             |       |       |     2 |       ||     2
  Use: Scroll            |       |     4 |    14 |       ||    18
       Potion            |       |       |     2 |       ||     2
 Stab: Sleeping          |     3 |     1 |     1 |       ||     5
Armor: Robe              |     9 |    24 |    76 |     1 ||   110
Dodge: Dodged            |    18 |    47 |   146 |     4 ||   215
